 Dungeon Crawl Stone Soup version 0.30-a0-778-g2ef04afb54 (console) character file.

Game seed: 298582185451431935

625 rlgrobin the Cleaver (level 8, -1/63 HPs)
             Began as a Meteoran Fighter on Feb 17, 2023.
             Was an Initiate of Cheibriados.
             Slain by a killer bee (4 damage)
             ... on level 8 of the Dungeon.
             The game lasted 00:04:34 (1022 turns).

rlgrobin the Cleaver (Meteoran Fighter)             Turns: 1022, Time: 00:04:35

Health: -1/63      AC: 12    Str: 21    XL:     8   Next: 5%
Magic:  0/9        EV:  7    Int: 10    God:    Cheibriados [......]
Gold:   59         SH:  5    Dex: 15    Spells: 7/7 levels left

rFire   . . .      SeeInvis .    a - +0 war axe
rCold   . . .      Faith    .    c - +0 buckler
rNeg    . . .      Spirit   +    g - +0 chain mail
rPois   .          Reflect  .    (no helmet)
rElec   .          Harm     .    n - +0 cloak
rCorr   .          Rampage  .    p - +0 pair of gloves
Will    +....                    h - +0 pair of boots Stlth
                                 i - amulet of guardian spirit
HPRegen 0.30/turn                (no ring)
MPRegen 0.11/turn                (no ring)

@: mighty, lethally poisoned (-1 -> -16), weakened, slowed, glowing, very slow
A: sense surroundings 1, otherworldly, glowing, explore regen
a: Renounce Religion


You were on level 8 of the Dungeon.
You worshipped Cheibriados.
Cheibriados was noncommittal.
You visited 2 branches of the dungeon, and saw 9 of its levels.

You collected 59 gold pieces.

Inventory:

Hand Weapons
 a - a +0 war axe (weapon)
Armour
 c - a +0 buckler (worn)
 g - a +0 chain mail (worn)
 h - a +0 pair of boots (worn)
 n - a +0 cloak (worn)
 p - a +0 pair of gloves (worn)
Jewellery
 i - an amulet of guardian spirit (around neck)
Scrolls
 b - a scroll of enchant armour {unknown}
 d - a scroll of magic mapping {unknown}
 f - a scroll of immolation {unknown}
 j - a scroll of teleportation {unknown}
 k - a scroll of amnesia
 l - a scroll of fog {unknown}
 m - a scroll of brand weapon {unknown}
 o - a scroll of identify
Potions
 e - a potion of lignification


   Skills:
 - Level 3.2 Fighting
 + Level 9.7 Axes
 - Level 3.6 Armour
 - Level 3.6 Shields


You had 7 spell levels left.
You didn't know any spells.
Your spell library was empty.

Dungeon Overview and Level Annotations

Branches:
Dungeon (8/15) Zot: 5754   Temple (1/1) D:6 Zot: 839
   Lair: D:8-11

Altars:
Ashenzari
Cheibriados
Dithmenos
Elyvilon
Fedhas
Gozag
Nemelex Xobeh
Ru
Sif Muna
Trog
Uskayaw
Vehumet
Xom
Yredelemnul
Zin
The Shining One

Annotations:
D:8 Erica, Maurice


Innate Abilities, Weirdness & Mutations

You passively map a small area around you.
You are easily found by Zot.
You glow in the dark.
You regain HP and MP as you explore.


Message History

You slash Erica!
Erica is moderately wounded.
You miss the killer bee. x2
You feel very sick. You block the killer bee's attack.
The killer bee stings you but does no damage. x3
The killer bee stings you. x2
You are more poisoned.
The killer bee poisons you! Erica barely misses you.
The gnoll bouda barks out a call to the hunt!
The killer bee barely misses you. The killer bee stings you.
You are lethally poisoned!
The killer bee poisons you!
You hear a zap.
You hear a grinding noise.
The gnoll bouda barks out a call to the hunt!
Erica closely misses you.
A gnoll comes into view. It is wielding a +0 club.
You hear a shout!
You completely miss Erica.
Erica is moderately wounded.
You closely miss the killer bee. You miss the killer bee.
* * * LOW HITPOINT WARNING * * *
You feel very sick. The killer bee barely misses you. x2
The killer bee stings you but does no damage. x2
Erica hits you with a +2 scimitar of flaming.
* * * LOW HITPOINT WARNING * * *
Erica burns you.
* * * LOW HITPOINT WARNING * * *
You block the killer bee's attack.
The killer bee stings you but does no damage.
You slice Erica!!
Erica is heavily wounded.
You slash the killer bee! You barely miss the killer bee.
* * * LOW HITPOINT WARNING * * *
You feel very sick. The killer bee stings you.
* * * LOW HITPOINT WARNING * * *
The killer bee stings you.
You die...

....... , ......$.# .
........### .#* *
..........# #.##
,..........####../. , *
..........$.....#*
.........#......# , *,
#...y#......# , #######
###...y@....... ,
#.....##......@#......#
,
#.<.......#..#...g....#
,
#.....##.#...#........#
#.....##..#. #......g..
, ,
#########.##,#.........
.# ,.......##. * ..
#..#.### * * ... * ,,


You could see Erica, a gnoll bouda, 2 killer bees and a gnoll (swift).

Vanquished Creatures
  A steam dragon (D:7)
  A black bear (D:7)
  An ogre (D:3)
  A phantom (D:6)
  A killer bee (D:8)
  2 orc priests (D:7)
  2 hounds
  A jelly (D:4)
  2 adders
  A shadow imp (D:7)
  3 dart slugs
  2 orcs
  A goblin (D:3)
  2 hobgoblins
  3 ball pythons (D:1)
  2 frilled lizards
  A kobold (D:3)
27 creatures vanquished.

Notes
Turn   | Place    | Note
-------+----------+-------------------------------------------
     0 | D:1      | rlgrobin the Meteoran Fighter began the quest for the Orb.
     0 | D:1      | Reached XP level 1. HP: 19/19 MP: 2/2
    60 | D:1      | Reached skill level 3 in Axes
    60 | D:1      | Reached XP level 2. HP: 26/26 MP: 3/3
   139 | D:2      | Reached XP level 3. HP: 31/31 MP: 4/4
   200 | D:3      | Noticed an ogre
   204 | D:3      | Killed an ogre
   205 | D:3      | Reached skill level 5 in Axes
   205 | D:3      | Reached XP level 4. HP: 18/38 MP: 5/5
   205 | D:3      | Reached XP level 5. HP: 21/45 MP: 6/6
   251 | D:3      | Found an opulent altar of Gozag.
   386 | D:3      | Reached skill level 6 in Axes
   409 | D:3      | Found a broken altar of Ashenzari.
   505 | D:4      | Found a hide-covered altar of Uskayaw.
   519 | D:4      | Reached XP level 6. HP: 51/51 MP: 7/7
   577 | D:5      | Entered Level 5 of the Dungeon
   613 | D:6      | Reached skill level 7 in Axes
   749 | D:6      | Found a staircase to the Ecumenical Temple.
   756 | Temple   | Entered the Ecumenical Temple
   788 | Temple   | Became a worshipper of Cheibriados the Contemplative
   867 | D:7      | Noticed a black bear
   877 | D:7      | Killed a black bear
   878 | D:7      | Reached skill level 8 in Axes
   878 | D:7      | Reached XP level 7. HP: 53/57 MP: 6/8
   984 | D:7      | Noticed a steam dragon
   992 | D:7      | Killed a steam dragon
   993 | D:7      | Reached skill level 9 in Axes
  1009 | D:8      | Noticed Maurice
  1009 | D:8      | Noticed Erica
  1013 | D:8      | Reached XP level 8. HP: 58/63 MP: 9/9
  1022 | D:8      | HP: 3/63 [killer bee (3)]
  1022 | D:8      | Slain by a killer bee

Illustrated notes

Levels and vault maps discovered:
D:1:      sevenhm_arrival_forest_fort_large_4, layout_loops_cross
D:2:      layout_basic, uniq_crazy_yiuf_cottage
D:3:      layout_loops_cross, nicolae_ashenzari_panopticon,
          mainiacjoe_overflow_cross_hatched
D:4:      nicolae_cairo_tiling_large_dashed, layout_cave_pools,
          mainiacjoe_overflow_six_doors_small
D:5:      layout_cave_pods, lemuel_tele_altar, serial_column_ruins,
          column_ruins_open_large, column_ruins_open_small,
          column_ruins_open_small, column_ruins_open_tiny,
          column_ruins_corridor_straight, grunt_tough_drop
D:6:      layout_cave_pods, minmay_temple_entry_arrows,
          gammafunk_ghost_necromancy
D:7:      lemuel_ice_statue, layout_basic, amcnicky_mini_rare_corridor_liquid
D:8:      layout_rooms, nzn_hepliaklqana_mist_gate, grunt_qazlal_clouds,
          nicolae_lava_and_water, uniq_pikel, uniq_erica, uniq_gastronok,
          uniq_maurice
Temple:   nicolae_temple_two_arcs

Skill      XL: |  1  2  3  4  5  6  7 |
---------------+----------------------+-----
Axes           | 3 5 6 8 9 |  9.7
Fighting       | |  3.2
Armour         | |  3.6
Shields        | |  3.6

Action                     |  1- 3 |  4- 6 |  7- 9 || total
---------------------------+-------+-------+-------++-------
  Melee: War axe           |    26 |    76 |    31 ||   133
    Use: Scroll            |       |     2 |       ||     2
         Potion            |       |       |     1 ||     1
 Armour: Scale mail        |    12 |       |       ||    12
         Chain mail        |     2 |    52 |    32 ||    86
  Dodge: Dodged            |     6 |    19 |    18 ||    43
  Block: Buckler           |     9 |    25 |    10 ||    44

Table legend: (Time is in decaauts)
 A = Elapsed time spent in this place.
 B = Non-inter-level travel time spent in this place.
 C = Inter-level travel time spent in this place.
 D = Time resting spent in this place.
 E = Time spent auto-exploring this place.
 F = Levels seen in this place.
 G = Mean time per level.
                   A        B        C        D        E       F      G
               +--------+--------+--------+--------+--------+-----+--------+
         Total |   1100 |   1074 |     26 |      0 |      0 |   9 |  122.2 |
       Dungeon |   1056 |   1030 |     26 |      0 |      0 |   8 |  132.0 |
        Temple |     44 |     44 |      0 |      0 |      0 |   1 |   44.0 |
               +--------+--------+--------+--------+--------+-----+--------+

Top non-repeatable levels by time:
     D:3: 284 daAuts
     D:7: 196 daAuts
     D:6: 190 daAuts
     D:1: 133 daAuts
     D:4: 101 daAuts
     D:2: 74 daAuts
     D:5: 45 daAuts
  Temple: 44 daAuts
     D:8: 30 daAuts
